 Dungeon Crawl Stone Soup version 0.28-a0-1159-g27aa881441 (webtiles) character file.

Game seed: 1801841626181013738

219 siradein the Skirmisher (level 5, -1/47 HPs)
             Began as a Hill Orc Fighter on Dec 16, 2021.
             Slain by a wyvern (14 damage)
             ... on level 4 of the Dungeon.
             The game lasted 00:07:39 (2709 turns).

siradein the Skirmisher (Hill Orc Fighter)          Turns: 2709, Time: 00:07:40

Health: -1/47      AC:  7    Str: 21    XL:     5   Next: 96%
Magic:  5/5        EV:  9    Int:  8    God:
Gold:   212        SH:  4    Dex: 10    Spells: 4/4 levels left

rFire   . . .      SeeInvis .   a - +0 war axe
rCold   . . .      Faith    .   c - +0 buckler
rNeg    . . .      Spirit   .   b - +0 scale mail
rPois   .          Reflect  .   (no helmet)
rElec   .          Harm     .   (no cloak)
rCorr   .          Rampage  .   (no gloves)
Will    .....                   (no boots)
Stlth   ..........              (no amulet)
HPRegen 0.15/turn               (no ring)
MPRegen 0.09/turn               (no ring)

@: no status effects
A: no striking features
a: no special abilities


You were on level 4 of the Dungeon.
You visited 1 branch of the dungeon, and saw 4 of its levels.

You collected 212 gold pieces.

Inventory:

Hand Weapons
 a - a +0 war axe (weapon)
Armour
 b - a +0 scale mail (worn)
 c - a +0 buckler (worn)
Jewellery
 h - a ring of resist corrosion
Scrolls
 g - a scroll of fear {unknown}
 i - a scroll of identify {unknown}
 k - a scroll of magic mapping {unknown}
 l - a scroll of enchant weapon {unknown}
Potions
 d - 3 potions of might
 e - a potion of brilliance {unknown}
 f - 2 potions of cancellation {unknown}
 j - a potion of ambrosia {unknown}
 m - a potion of attraction {unknown}
 n - a potion of magic {unknown}
 o - a potion of curing {unknown}


   Skills:
 + Level 4.9 Fighting
 + Level 4.5 Axes
 + Level 4.5 Armour
 + Level 4.5 Shields


You had 4 spell levels left.
You didn't know any spells.
Your spell library contained the following spells:

 Spells                   Type           Power      Damage    Failure   Level
 Sandblast                Erth           0%         2d4       75%         1
 Passwall                 Tmut/Erth      0%         N/A       86%         2
 Stone Arrow              Conj/Erth      0%         3d7       98%         3


Dungeon Overview and Level Annotations

Branches:
Dungeon (4/15)
 Temple: D:4-7

Altars:
Cheibriados
Dithmenos
Elyvilon
Kikubaaqudgha

Shops:
D:1 [   D:2 *


Message History

You slash the necrophage!
The necrophage is almost destroyed.
The necrophage hits you but does no damage.
You closely miss the necrophage.
The necrophage is almost destroyed.
You block the necrophage's attack.
You hit the necrophage but do no damage.
The necrophage is almost destroyed.
You block the necrophage's attack.
You hit the necrophage.
You destroy the necrophage!
Your life force feels restored.
No target in view!
No target in view!
HP restored.
o - a purple potion A wyvern comes into view.
A wyvern is nearby!
A wyvern is nearby!
A wyvern is nearby!
The wyvern bites you!
You see here a +0 robe.
You slash the wyvern!
The wyvern is moderately wounded.
The wyvern bites you! The wyvern closely misses you.
You hit the wyvern.
The wyvern is moderately wounded.
The wyvern bites you but does no damage.
The wyvern closely misses you.
You slash the wyvern!
The wyvern is heavily wounded.
The wyvern barely misses you. The wyvern bites you!
* * * LOW HITPOINT WARNING * * *
You hit the wyvern.
The wyvern is heavily wounded.
The wyvern barely misses you. The wyvern completely misses you.
You barely miss the wyvern.
The wyvern is heavily wounded.
The wyvern bites you!
You die...

..# .# #.#.# ..##.#
..... >.##.# #.#.#
#.##.# #.#.# #.##.#
#.#.# #.##.######
#.#.####.##.......
#...........########
#...@l..###.....^..#
#.......# #..#.#####
#.#+##### #..#.# #.#
#..#.# #.# ###..#.#
..# ....#.# # ..#
#.###.##.###.#. ...#
.............. ...#
.###..#†....#.


You could see a wyvern.

Vanquished Creatures
  A necrophage (D:4)
  An orc priest (D:3)
  2 adders (D:3)
  An adder skeleton (D:4)
  3 dart slugs
  2 worms
  4 orcs
  4 ball pythons
  5 endoplasms
  3 giant cockroaches
  10 goblins
  6 hobgoblins
  5 quokkas
  5 bats
  5 frilled lizards
  4 kobolds
  3 rats
64 creatures vanquished.

Notes
Turn   | Place    | Note
-------+----------+-------------------------------------------
     0 | D:1      | siradein the Hill Orc Fighter began the quest for the Orb.
     0 | D:1      | Reached XP level 1. HP: 19/19 MP: 1/1
    94 | D:1      | Reached XP level 2. HP: 27/27 MP: 2/2
   463 | D:1      | Found Qusho's Antique Armour Shop.
   689 | D:1      | Reached XP level 3. HP: 33/33 MP: 3/3
  1118 | D:2      | Found Zaast's Assorted Antiques.
  1454 | D:3      | Found a white marble altar of Elyvilon.
  1455 | D:3      | Found a shadowy altar of Dithmenos.
  1456 | D:3      | Found a snail-covered altar of Cheibriados.
  1462 | D:3      | Reached XP level 4. HP: 33/40 MP: 4/4
  1479 | D:3      | Found a faded altar of an unknown god.
  1549 | D:3      | Found an ancient bone altar of Kikubaaqudgha.
  1917 | D:3      | Reached XP level 5. HP: 24/47 MP: 5/5
  2563 | D:4      | Noticed a necrophage
  2579 | D:4      | Killed a necrophage
  2701 | D:4      | Noticed a wyvern
  2709 | D:4      | Slain by a wyvern

Illustrated notes

Levels and vault maps discovered:
D:1:      psy_arrival_radial01, layout_basic, serial_shops,
          nicolae_shop_hallway_plus
D:2:      layout_basic, serial_shops, nicolae_diamond_shop, serial_bayou_pond_d
D:3:      layout_basic, nicolae_overflow_quartered_altars,
          chequers_ecumenical_altar_island
D:4:      layout_basic, overflow_temple_1_default

Skill      XL: |  1  2  3  4 |
---------------+-------------+-----
Axes           | 3 4 |  4.5
Fighting       | 4 |  4.9
Armour         | 4 |  4.5
Shields        | 4 |  4.5

Action                   |  1- 3 |  4- 6 || total
-------------------------+-------+-------++-------
Melee: War axe           |   102 |    69 ||   171
Armor: Scale mail        |    46 |    28 ||    74
Dodge: Dodged            |    43 |    24 ||    67
Block: Buckler           |    16 |    18 ||    34

Table legend: (Time is in decaauts)
 A = Elapsed time spent in this place.
 B = Non-inter-level travel time spent in this place.
 C = Inter-level travel time spent in this place.
 D = Time resting spent in this place.
 E = Time spent auto-exploring this place.
 F = Levels seen in this place.
 G = Mean time per level.
                   A        B        C        D        E       F      G
               +--------+--------+--------+--------+--------+-----+--------+
         Total |   2772 |   2644 |    128 |    126 |   2046 |   4 |  693.0 |
       Dungeon |   2772 |   2644 |    128 |    126 |   2046 |   4 |  693.0 |
               +--------+--------+--------+--------+--------+-----+--------+

Top non-repeatable levels by time:
     D:3: 979 daAuts
     D:1: 808 daAuts
     D:2: 802 daAuts
     D:4: 182 daAuts
